 Dungeon Crawl Stone Soup version 0.23-a0-49-gd9f7a49668 (webtiles) character file.

180 Nilun the Shield-Bearer (level 5, 0/28 HPs)
             Began as a Vine Stalker Fighter on Aug 6, 2018.
             Succumbed to Sigmund's poison
             ... on level 4 of the Dungeon.
             The game lasted 00:05:29 (2758 turns).

Nilun the Shield-Bearer (Vine Stalker Fighter)      Turns: 2758, Time: 00:05:29

Health: 0/28       AC: 13    Str: 20    XL:     5   Next: 60%
Magic:  2/6        EV:  3    Int:  8    God:
Gold:   189        SH:  9    Dex: 13    Spells: 4/4 levels left

rFire    . . .     SeeInvis .   a - +0 long sword
rCold    + . .     Gourm    .   c - +0 shield
rNeg     . . .     Faith    .   v - +0 plate armour
rPois    .         Spirit   +   (no helmet)
rElec    .         Reflect  .   (no cloak)
rCorr    .         Harm     .   (no gloves)
MR       .....                  (no boots)
Stlth    ..........             (no amulet)
HPRegen  0.49/turn              l - ring of protection from cold
MPRegen  0.10/turn              o - +2 ring of protection (curse)

@: lethally poisoned (0 -> -9)
A: fangs 2, regeneration 1, magic shield, antimagic bite, no potion heal 3, rot
immunity
a: no special abilities


You were on level 4 of the Dungeon.
You were very hungry.

You visited 1 branch of the dungeon, and saw 4 of its levels.

You collected 189 gold pieces.

Inventory:

Hand Weapons
 a - a +0 long sword (weapon)
Armour
 b - a +0 scale mail
 c - a +0 shield (worn)
 v - a +0 plate armour (worn)
Jewellery
 l - a ring of protection from cold (left hand)
 o - a cursed +2 ring of protection (right hand)
 t - a +3 ring of dexterity {unknown}
Scrolls
 e - 2 scrolls of enchant armour {unknown}
 j - a scroll of remove curse {unknown}
 k - 4 scrolls of identify {unknown}
 m - 2 scrolls of teleportation {unknown}
 s - a scroll of fear {unknown}
Potions
 d - a potion of might
 g - a potion of curing
 h - a potion of lignification {unknown}
 i - a potion of magic {unknown}
 p - a potion of brilliance {unknown}
 q - a potion of cancellation {unknown}
 r - a potion of heal wounds {unknown}
 u - 2 potions of degeneration {unknown}
Comestibles
 f - 4 rations


   Skills:
 + Level 3.1 Fighting
 + Level 3.2 Long Blades
 + Level 3.3 Armour
 - Level 0.3 Dodging
 + Level 3.5 Shields


You had 4 spell levels left.
You didn't know any spells.
Your spell library contained the following spells:

 Spells                   Type           Power        Failure   Level  Hunger
 Animate Dead             Necr           N/A          100%        4    #####..
 Pain                     Necr           #...         100%        1    ##.....
 Animate Skeleton         Necr           N/A          100%        1    ##.....
 Vampiric Draining        Necr           #.........   100%        3    ####...
 Regeneration             Chrm/Necr      #.........   100%        3    ####...


Dungeon Overview and Level Annotations

Branches:
Dungeon (4/15)
 Temple: D:4-7

Altars:
Fedhas
Wu Jian
Yredelemnul

Annotations:
D:4 Sigmund


Innate Abilities, Weirdness & Mutations

You have extremely sharp teeth.
Your natural rate of healing is unusually fast.
When hurt, damage is shared between your health and your magic reserves.
Your bite disrupts and absorbs the magic of your enemies.
Potions cannot restore your health.
You are immune to rotting.


Message History

You barely miss the orc priest.
The orc priest is almost dead.
You feel sick.
The orc priest hits you but does no damage.
The orc hits you but does no damage. Something hits you but does no damage.
You are more poisoned.
You hit the orc priest. You bite the orc priest.
You kill the orc priest!
You feel sick. The orc hits you with a dagger.
* * * LOW HITPOINT WARNING * * *
Something hits you.
* * * LOW HITPOINT WARNING * * *
You are more poisoned.
* * * LOW HITPOINT WARNING * * *
You feel sick.
* * * LOW HITPOINT WARNING * * *
You feel sick. The orc hits you but does no damage.
* * * LOW HITPOINT WARNING * * *
You feel sick.
You die...

#...### ##+####.##..##
..... #......[.....# ...
#..........<.# #.#
####.####...##
#######)########'####...##
#......)...#..............
#.......o..+..............
##+#....#.######.####...##
######@##.###.####...##
#..................
#..................
#..................
#...#..#.###.##..##
#.##########.###### ###
#.(>.#..## #....#...'
##..##..##


You could see an orc.

Vanquished Creatures
  An orc priest (D:4)
  Terence (D:2)
  4 adders
  2 worms (D:3)
  A dart slug (D:1)
  5 leopard geckos
  12 orcs
  3 giant cockroaches
  10 goblins
  9 hobgoblins
  A ball python (D:1)
  4 bats
  4 frilled lizards
  4 kobolds
  3 rats
64 creatures vanquished.

Notes
Turn   | Place    | Note
-------+----------+-------------------------------------------
     0 | D:1      | Nilun the Vine Stalker Fighter began the quest for the Orb.
     0 | D:1      | Reached XP level 1. HP: 11/11 MP: 2/2
   369 | D:1      | Reached XP level 2. HP: 13/16 MP: 3/3
   668 | D:1      | Reached XP level 3. HP: 18/19 MP: 4/4
   826 | D:2      | Found a blossoming altar of Fedhas.
  1188 | D:2      | Found an ornate altar of the Wu Jian Council.
  1215 | D:2      | Noticed Terence
  1233 | D:2      | Killed Terence
  1233 | D:2      | Gained mutation: Your natural rate of healing is unusually fast. [Vine Stalker growth]
  1233 | D:2      | Reached XP level 4. HP: 10/23 MP: 2/5
  1729 | D:3      | Found a basalt altar of Yredelemnul.
  2027 | D:3      | Reached XP level 5. HP: 28/28 MP: 6/6
  2740 | D:4      | Noticed Sigmund
  2757 | D:4      | HP: 1/28 [poisoned by Sigmund]
  2758 | D:4      | Succumbed to Sigmund's poison

Vault maps used:
D:1:      tarquinn_simple_flora_water_f
D:2:      minmay_kobold_bridge, nicolae_overflow_crystal_walls,
          lemuel_coloured_pillars_altar, uniq_terence
D:3:      yredelemnul_altar_generic, portal_sewer_entry_d
D:4:      uniq_ijyb, uniq_sigmund, uniq_grinder

Skill      XL: |  1  2  3  4  5 |
---------------+----------------+-----
Shields        | 3 |  3.5
Long Blades    | 2 3 |  3.2
Armour         | 3 |  3.3
Fighting       | 3 |  3.1
Dodging        | |  0.3

Action                   |  1- 3 |  4- 6 || total
-------------------------+-------+-------++-------
Melee: Long sword        |    87 |   119 ||   206
       Bite              |    13 |    39 ||    52
  Eat: Chunk             |     1 |     4 ||     5
Armor: Scale mail        |    33 |    35 ||    68
       Plate armour      |       |    28 ||    28
Dodge: Dodged            |    22 |    18 ||    40
Block: Shield            |    34 |    45 ||    79
       Rpst.: Long sword |     5 |     3 ||     8

Table legend:
 A = Spawn XP
 B = Non-spawn XP
 C = Spawn XP percentage of total XP
 D = Spawn monster count
 E = Non-spawn monster count
 F = Spawn count percentage of total count
 G = Total turns spent on level
                    A         B        C        D         E        F      G
               +---------+---------+-------+---------+---------+-------+---------
         Total |       0 |     258 |   0.0 |       0 |      64 |   0.0 |  2758
               +---------+---------+-------+---------+---------+-------+---------
           D:1 |       0 |      39 |   0.0 |       0 |      21 |   0.0 |   811
           D:2 |       0 |      60 |   0.0 |       0 |       8 |   0.0 |   890
           D:3 |       0 |     112 |   0.0 |       0 |      32 |   0.0 |   949
           D:4 |       0 |      47 |   0.0 |       0 |       3 |   0.0 |   108
               +---------+---------+-------+---------+---------+-------+---------
